 Dungeon Crawl Stone Soup version 0.27-a0-1232-gc6a4cbde82 (webtiles) character file.

Game seed: 3798070943623412001

128123 senseless the Destroyer (level 16, -3/145 HPs)
             Began as a Red Draconian Conjurer on June 7, 2021.
             Was the Champion of Makhleb.
             Killed from afar by a shock serpent (12 damage)
             ... with a bolt of electricity
             ... on level 1 of the Snake Pit on June 8, 2021.
             The game lasted 03:22:52 (43342 turns).

senseless the Destroyer (Red Draconian Conjurer)   Turns: 43342, Time: 03:22:52

Health: -3/145     AC: 27    Str: 10    XL:     16   Next: 47%
Magic:  2/41       EV: 20    Int: 25    God:    Makhleb [******]
Gold:   1434       SH:  8    Dex: 17    Spells: 15/40 levels left

rFire    + . .     SeeInvis .   a - staff of conjuration
rCold    + . .     Faith    +   H - +3 buckler {AC+3}
rNeg     + . .     Spirit   .   (armour unavailable)
rPois    .         Reflect  .   E - +2 hat
rElec    .         Harm     .   t - +2 cloak
rCorr    +         Rampage  .   T - +2 pair of gloves {Dex+3}
Will     +++..                  G - +2 pair of boots
Stlth    ++........             K - amulet "Meopn" {Faith rN+ Dex+4}
HPRegen  0.34/turn              p - ring "Uwniwk" {Will+ rCorr MP+9}
MPRegen  0.27/turn              Z - ring of Scepticism {rC+ Will+ AC+4}

@: hasted, studying Unarmed Combat, very quick
A: breathe fire, AC +9, unfitting armour, fire resistance 1, cold-blooded
a: Breathe Fire, Renounce Religion, Minor Destruction, Lesser Servant of
Makhleb, Major Destruction, Greater Servant of Makhleb


You were on level 1 of the Snake Pit.
You worshipped Makhleb.
Makhleb was exalted by your worship.
You visited 4 branches of the dungeon, and saw 24 of its levels.
You visited 1 bazaar.

You collected 2699 gold pieces.
You spent 1265 gold pieces at shops.

Inventory:

Hand Weapons
 b - a +9 hand axe of electrocution
 v - the +7 mace of Valiance {vorpal, Str+7}
   (You found it on level 13 of the Dungeon)

   It inflicts extra damage upon your enemies.
   It affects your strength (+7).
 N - the +2 war axe of Eternal Vigilance {drain, rCorr Int+6 Dex-3}
   (You took it off a deep elf pyromancer on level 13 of the Dungeon)

   A truly terrible weapon, it drains the life of those it strikes.
   It affects your intelligence (+6).
   It affects your dexterity (-3).
   It protects you from acid and corrosion.
Armour
 e - the +1 hat of Lust {Rampage Will- Str+9 Stlth-}
   (You found it on level 1 of the Orcish Mines)

   It affects your strength (+9).
   It bestows one free step when moving towards enemies.
   It decreases your willpower.
   It makes you less stealthy.
 i - a scarf of invisibility
 t - a +2 cloak (worn)
 A - the +0 pair of gloves of Gestures {rElec rN++ Dex-5}
   (You bought it in a shop on level 3 of the Dungeon)

   It affects your dexterity (-5).
   It insulates you from electricity.
   It greatly protects you from negative energy.
 E - a +2 hat (worn)
 G - a +2 pair of boots (worn)
 H - a +3 buckler of protection (worn)
 T - a +2 pair of gloves of dexterity (worn)
Magical Staves
 a - a staff of conjuration (weapon)
 u - a staff of death
Jewellery
 g - an amulet of magic regeneration
 n - a ring of see invisible
 p - the ring "Uwniwk" (left hand) {Will+ rCorr MP+9}
   (You bought it in a shop on level 2 of the Orcish Mines)

   [ring of magical power]

   It affects your magic capacity (+9).
   It protects you from acid and corrosion.
   It increases your willpower.
 w - the ring of the Dozen Curses {Int+6 Stlth+}
   (You acquired it on level 5 of the Dungeon)

   [ring of intelligence]

   It affects your intelligence (+6).
   It makes you more stealthy.
 I - a ring of wizardry
 K - the amulet "Meopn" (around neck) {Faith rN+ Dex+4}
   (You acquired it on level 9 of the Dungeon)

   [amulet of faith]

   It allows you to gain divine favour quickly.
   It affects your dexterity (+4).
   It protects you from negative energy.
 M - an amulet of the acrobat
 V - a ring of poison resistance
 W - a +4 ring of evasion
 Y - a ring of flight
 Z - the ring of Scepticism (right hand) {rC+ Will+ AC+4}
   (You found it on level 14 of the Dungeon)

   [ring of protection]

   It affects your AC (+4).
   It protects you from cold.
   It increases your willpower.
Wands
 q - a wand of iceblast (19)
 r - a wand of paralysis (10)
 y - a wand of mindburst (28)
 F - a wand of flame (45)
 L - a wand of polymorph (10)
 O - a wand of acid (7)
 S - a wand of charming (10)
Scrolls
 j - 6 scrolls of amnesia
 l - 2 scrolls of enchant armour
 o - 2 scrolls of fog
 x - 3 scrolls of teleportation
 B - 3 scrolls of fear
 C - 2 scrolls of enchant weapon
 P - a scroll of blinking
 U - 2 scrolls of summoning
 X - 3 scrolls of holy word
Potions
 c - 7 potions of curing
 d - 3 potions of flight
 f - 2 potions of resistance
 h - a potion of berserk rage
 k - 3 potions of might
 m - 4 potions of mutation
 s - 3 potions of brilliance
 z - 2 potions of haste
 D - 3 potions of ambrosia
 J - 3 potions of invisibility
 Q - a potion of magic
 R - 2 potions of cancellation


   Skills:
 + Level 13.9 Fighting
 + Level 8.5 Axes
 + Level 12.9 Dodging
 - Level 1.7 Stealth
 - Level 4.0 Shields
 + Level 12.9 Spellcasting
 + Level 14.2 Conjurations
 * Level 9.0 Translocations


You had 15 spell levels left.
You knew the following spells:

 Your Spells              Type           Power      Damage    Failure   Level
a - Magic Dart            Conj           100%       1d8       0%          1
b - Searing Ray           Conj           100%       3d7       0%          2
c - Dazzling Flash        Conj/Hex       100%       N/A       1%          3
d - Tukima's Dance        Hex            16%        N/A       11%         3
e - Iskenderun's Mystic   Conj/Tloc      84%        2d17      1%          4
f - Summon Guardian Gole  Hex/Summ       16%        N/A       11%         3
g - Passage of Golubria   Tloc           N/A        N/A       1%          4
h - Lightning Bolt        Conj/Air       33%        1d51      5%          5

Your spell library contained the following spells:

 Spells                   Type           Power      Damage    Failure   Level
 Shock                    Conj/Air       100%       1d9       1%          1
 Static Discharge         Conj/Air       67%        N/A       1%          2
 Gell's Gravitas          Tloc           28%        N/A       1%          3
 Lesser Beckoning         Tloc           28%        N/A       1%          3
 Fulminant Prism          Conj/Hex       33%        3d16      1%          4
 Manifold Assault         Tloc           57%        N/A       2%          5
 Animate Skeleton         Necr           32%        N/A       3%          1
 Beastly Appendage        Tmut           32%        N/A       3%          1
 Corona                   Hex            17%        N/A       3%          1
 Pain                     Necr           64%        1d7       3%          1
 Ensorcelled Hibernation  Hex/Ice        32%        N/A       5%          2
 Wereblood                Tmut           16%        N/A       5%          2
 Call Canine Familiar     Summ           16%        N/A       11%         3
 Confusing Touch          Hex            16%        N/A       11%         3
 Spider Form              Tmut/Pois      8%         N/A       11%         3
 Swiftness                Air            16%        N/A       11%         3
 Vampiric Draining        Necr           8%         2d7       11%         3
 Summon Forest            Summ/Tloc      19%        N/A       16%         5
 Airstrike                Air            8%         N/A       36%         4
 Animate Dead             Necr           8%         N/A       36%         4
 Ice Form                 Ice/Tmut       16%        N/A       36%         4
 Petrify                  Tmut/Erth      16%        N/A       36%         4
 Agony                    Necr           16%        N/A       71%         5
 Hydra Form               Tmut           8%         N/A       71%         5
 Metabolic Englaciation   Hex/Ice        8%         N/A       71%         5
 Yara's Violent Unravell  Hex/Tmut       8%         3d5       71%         5
 Malign Gateway           Summ/Tloc      19%        N/A       99%         7
 Disjunction              Tloc           28%        N/A       99%         8


Dungeon Overview and Level Annotations

Branches:
Dungeon (15/15)            Temple (0/1) D:7            Lair (6/6) D:9
  Swamp (0/4) Lair:4        Snake (1/4) Lair:4        Slime (0/5) Lair:6
    Orc (2/2) D:12            Elf (0/3) Orc:2        Vaults (0/5) D:13
 Depths (0/5) D:15

Altars:
Cheibriados
Dithmenos
Elyvilon
Fedhas
Gozag
Makhleb
Nemelex Xobeh
Okawaru
Qazlal
Sif Muna
Uskayaw
Vehumet

Shops:
D:3 *   D:11 *[   Orc:2 =?**

Portals:
Hell: Lair:6

Annotations:
D:2 1 runed translucent door, Crazy Yiuf


Innate Abilities, Weirdness & Mutations

You can breathe blasts of fire.
Your fiery red scales are hard. (AC +9)
You cannot fit into any form of body armour.
Your flesh is heat resistant. (rF+)
You are cold-blooded and may be slowed by cold attacks.


Message History

The anaconda grabs you.
The anaconda bites you but does no damage.
The anaconda constricts you.
You escape the anaconda's grasp.
Casting: Iskenderun's Mystic Blast (safe; 1% risk of failure)
Confirm with . or Enter, or press ? or * to list all spells.
You feel a surge of power!
You erupt in a blast of force!
The mystic blast hits the anaconda!
The anaconda is heavily wounded.
The anaconda closely misses you.
The anaconda bites you but does no damage.
The anaconda grabs you.
The anaconda bites you but does no damage.
The anaconda constricts you.
You escape the anaconda's grasp.
The anaconda grabs you. The anaconda bites you.
* * * LOW HITPOINT WARNING * * *
The anaconda constricts you.
You escape the anaconda's grasp.
The shock serpent bites you!
* * * LOW HITPOINT WARNING * * *
The shock serpent shocks you!
* * * LOW HITPOINT WARNING * * *
The anaconda grabs you. The anaconda barely misses you.
* * * LOW HITPOINT WARNING * * *
The anaconda constricts you.
You feel yourself speed up.
The anaconda bites you but does no damage.
* * * LOW HITPOINT WARNING * * *
The anaconda constricts you. You block the shock serpent's attack.
You escape the anaconda's grasp.
The anaconda grabs you. The anaconda bites you.
* * * LOW HITPOINT WARNING * * *
The anaconda constricts you.
You escape the anaconda's grasp.
You see here an anaconda skeleton.
There is a staircase back to the Lair here.
The shock serpent shoots out a bolt of lightning at you!
The bolt of electricity hits you!
You die...

,,**,,,,,.....,,#...........N....
,**,,,,,,.....,##..#########.....
**,,,,,,,.....##..###### *#.$...
*,,,,,,**..............####......
,,,,,,**,.................#......
,,,,,***,.##..............##.....
,,,,***,,*#.....รท.).......#***,,,
,,,,**,,**#..............#* ****
,,,,***,,,##....@S.......# ##
,**,,,***,,##..##S.......#######.
,,***,,**,,,##.,##...............
,,,,**,,,,,,,##,,#...............
,,,,,***,,,,,,**,###...##..##....
,,,,,,***,,,,,,*,.....###..###...
*,,,,,,,**,,,*,,,.....#*#..#*##..
**,,,**,,**,,*,,.......,....,....
***,,**,,**,**,....##,........##


You could see an anaconda and a shock serpent.

Vanquished Creatures
  An ettin (D:15)
  A yaktaur captain (D:11)
  An ice dragon (Lair:5)
  15 hydras
  2 rakshasas (D:11)
  8 boulder beetles
  Harold (D:9)
  2 vault guards (D:13)
  3 anacondas (Snake:1)
  2 ogre magi
  6 centaur warriors
  4 tengu warriors
  2 death knights (D:14)
  19 two-headed ogres
  The ghost of Sapher the Cleaver, a novice DDFi of Ru (Orc:1)
  5 orc high priests
  A sun demon (Lair:6)
  A skeletal warrior (D:14)
  A deep troll (D:15)
  2 necromancers
  A phantasmal warrior (D:11)
  4 wizards
  A lindwurm (Lair:6)
  7 deep elf pyromancers
  2 orc sorcerers (Orc:1)
  3 orc knights
  6 oklob plants
  A salamander (Snake:1)
  14 ugly things
  A wolf spider (D:13)
  3 slime creatures
  6 manticores
  2 moths of wrath (Orc:1)
  9 cyclopes
  A black mamba (shapeshifter) (D:15)
  4 elephants (Lair:6)
  An eye of devastation (shapeshifter) (D:13)
  5 black mambas
  An ice statue (Lair:5)
  3 gargoyles
  2 naga magi (Snake:1)
  An eye of devastation (Lair:6)
  2 unseen horrors
  4 orange demons (Lair:6)
  4 rime drakes
  Maggie (D:6)
  13 cane toads
  An efreet (D:15)
  14 komodo dragons
  A hellwing (Lair:6)
  A freezing wraith (D:14)
  A yaktaur (D:13)
  2 tengu conjurers
  A red devil (Lair:6)
  2 polar bears
  9 trolls
  28 blink frogs
  Grinder (D:3)
  4 dream sheep (Lair:5)
  A meliai zombie (D:11)
  A centaur simulacrum (D:15)
  2 wyverns
  4 wraiths
  4 shadows
  16 yaks
  A hog (shapeshifter) (D:11)
  19 humans (D:13)
  4 basilisks
  8 vampire mosquitoes
  4 acid dragons
  8 wargs
  5 swamp worms (Lair:4)
  16 water moccasins
  5 nagas
  5 hell hounds (Lair:6)
  A floating eye (Lair:6)
  29 orc warriors
  2 sky beasts
  A necrophage (D:5)
  6 black bears
  10 ice beasts
  7 ogres
  5 wolves (Lair:3)
  A boggart (D:11)
  6 centaurs
  5 kobold brigands
  15 bullfrogs
  A wyvern zombie (D:8)
  2 gnoll sergeants (D:9)
  9 scorpions
  2 water moccasin skeletons
  15 killer bees
  4 wights (D:4)
  10 howler monkeys
  3 electric eels
  6 jellies
  2 bullfrog zombies
  9 centaur zombies
  A lava snake (D:15)
  A gnoll shaman (D:7)
  22 orc priests
  3 hounds
  A bullfrog skeleton (D:6)
  An iguana (D:4)
  Ijyb (D:3)
  Terence (D:3)
  31 orc wizards
  A statue (D:10)
  A hound skeleton (D:5)
  20 gnolls
  7 adders
  4 shadow imps
  20 white imps
  An ufetubus (D:6)
  62 orcs
  12 endoplasms
  6 giant cockroaches
  7 goblins
  8 hobgoblins
  5 jackals
  A quokka (D:1)
  4 ball pythons
  3 bats
  2 frilled lizards
  16 kobolds
  6 rats
  2 butterflies (D:10)
749 creatures vanquished.

Vanquished Creatures (others)
  2 boulder beetles
  A skeletal warrior (D:14)
  A dancing weapon (D:11)
  48 fungi
  132 plants
  5 toadstools (D:7)
189 creatures vanquished.

Grand Total: 938 creatures vanquished

Notes
Turn   | Place    | Note
-------+----------+-------------------------------------------
     0 | D:1      | senseless the Draconian Conjurer began the quest for the
                  | Orb.
     0 | D:1      | Reached XP level 1. HP: 14/14 MP: 3/3
   614 | D:1      | Reached XP level 2. HP: 20/20 MP: 0/5
  1429 | D:2      | Reached XP level 3. HP: 26/26 MP: 3/6
  1511 | D:2      | Found a runed translucent door.
  1512 | D:2      | Noticed Crazy Yiuf
  1578 | D:2      | Found a faded altar of an unknown god.
  1866 | D:2      | You fall into a shaft and drop 1 floor!
  2507 | D:2      | Learned a level 2 spell: Searing Ray
  2579 | D:3      | Found Voywobb's Assorted Antiques.
  2604 | D:3      | Reached XP level 4. HP: 33/33 MP: 6/8
  2748 | D:3      | Noticed Terence
  2775 | D:3      | Killed Terence
  2822 | D:3      | Noticed a scorpion
  2828 | D:3      | Killed a scorpion
  2829 | D:3      | Reached XP level 5. HP: 25/38 MP: 3/9
  2983 | D:3      | Reached skill level 5 in Conjurations
  3010 | D:3      | Noticed Ijyb
  3158 | D:3      | Noticed Grinder
  3159 | D:3      | Paralysed by Grinder for 6 turns
  3170 | D:3      | Killed Grinder
  3171 | D:3      | Reached XP level 6. HP: 45/45 MP: 4/12
  3237 | D:3      | Paralysed by Ijyb for 4 turns
  3252 | D:3      | Killed Ijyb
  3485 | D:4      | Your scales start taking on a fiery red colour.
  3485 | D:4      | Reached XP level 7. HP: 50/50 MP: 9/13
  3485 | D:4      | Gained mutation: Your flesh is heat resistant. (rF+) [Red
                  | Draconian growth]
  3547 | D:4      | Reached skill level 6 in Conjurations
  3983 | D:4      | Reached skill level 5 in Dodging
  3983 | D:4      | Reached skill level 5 in Spellcasting
  4093 | D:4      | Found an opulent altar of Gozag.
  4093 | D:4      | Found a sparkling altar of Nemelex Xobeh.
  4165 | D:4      | Learned a level 3 spell: Dazzling Flash
  4166 | D:5      | Entered Level 5 of the Dungeon
  4273 | D:5      | Reached XP level 8. HP: 58/58 MP: 11/15
  4308 | D:5      | Reached skill level 1 in Fighting
  4338 | D:5      | Found a burning altar of Makhleb.
  4344 | D:5      | Became a worshipper of Makhleb the Destroyer
  4612 | D:5      | Reached skill level 7 in Conjurations
  4811 | D:5      | Found a blossoming altar of Fedhas.
  5055 | D:5      | Identified 3 scrolls of acquirement
  5055 | D:5      | Acquired the ring of the Dozen Curses {Int+6 Stlth+}
  5058 | D:5      | Acquired the Catalogue of Displacement
  5060 | D:5      | Acquired a staff of conjuration
  5133 | D:6      | Noticed Maggie
  5191 | D:6      | Killed Maggie
  5219 | D:6      | Reached * piety under Makhleb
  5294 | D:6      | Reached XP level 9. HP: 71/71 MP: 13/18
  5478 | D:6      | Noticed a two-headed ogre
  5484 | D:6      | Killed a two-headed ogre
  5485 | D:6      | Reached skill level 8 in Conjurations
  6246 | D:7      | Reached skill level 5 in Fighting
  6331 | D:7      | Found a staircase to the Ecumenical Temple.
  6339 | D:7      | Noticed a komodo dragon
  6346 | D:7      | Killed a komodo dragon
  6836 | D:7      | Reached ** piety under Makhleb
  7108 | D:7      | Killed a large slime creature
  7109 | D:7      | Reached XP level 10. HP: 37/83 MP: 9/21
  7620 | D:7      | Acquired a +1 buckler of protection
  7746 | D:7      | Reached skill level 1 in Shields
  8277 | D:8      | Reached skill level 9 in Conjurations
  8290 | D:8      | Noticed a gargoyle
  8539 | D:8      | Reached *** piety under Makhleb
  8637 | D:8      | Found a shimmering blue altar of Sif Muna.
  8972 | D:8      | Killed a gargoyle
  9238 | D:9      | Noticed Harold
  9279 | D:9      | Found a staircase to the Lair.
  9284 | D:9      | Killed Harold
  9447 | D:9      | Acquired the amulet "Meopn" {Faith rN+ Dex+4}
  9517 | D:9      | Learned a level 3 spell: Tukima's Dance
  9884 | D:9      | Found a stormy altar of Qazlal.
  9965 | D:9      | Reached **** piety under Makhleb
 10026 | D:9      | Found a hide-covered altar of Uskayaw.
 10174 | D:10     | Entered Level 10 of the Dungeon
 10445 | D:10     | Found a white marble altar of Elyvilon.
 10479 | D:10     | Found a radiant altar of Vehumet.
 10717 | D:10     | Found a runed translucent door.
 10719 | D:10     | Found a runed translucent door.
 10802 | D:10     | Reached XP level 11. HP: 92/92 MP: 17/23
 10964 | D:10     | Found an iron altar of Okawaru.
 11179 | D:10     | Found a shadowy altar of Dithmenos.
 11519 | D:11     | Noticed a two-headed ogre
 11524 | D:11     | Killed a two-headed ogre
 11731 | D:11     | Reached skill level 10 in Conjurations
 11863 | D:11     | Found Qiriblywke's Armour Shop.
 11908 | D:11     | Found Myjataeps's General Store.
 11917 | D:11     | Bought a potion of resistance for 110 gold pieces
 11917 | D:11     | Bought a scroll of identify for 22 gold pieces
 11917 | D:11     | Bought a scroll of identify for 22 gold pieces
 11917 | D:11     | Bought a scroll of vulnerability for 82 gold pieces
 12178 | D:11     | Noticed a two-headed ogre
 12188 | D:11     | Killed a two-headed ogre
 12261 | D:11     | Noticed a deep elf pyromancer
 12280 | D:11     | Killed a deep elf pyromancer
 12999 | D:11     | Noticed a two-headed ogre
 13012 | D:11     | Killed a two-headed ogre
 13200 | D:11     | Reached XP level 12. HP: 104/104 MP: 17/25
 13386 | D:11     | Noticed a two-headed ogre
 13397 | D:11     | Killed a two-headed ogre
 13494 | D:11     | Reached skill level 11 in Conjurations
 13496 | D:11     | Noticed an ogre mage
 13498 | D:11     | Reached ***** piety under Makhleb
 13505 | D:11     | Paralysed by something for 3 turns
 13864 | D:11     | Killed an ogre mage
 13935 | D:11     | Noticed a two-headed ogre
 13943 | D:11     | Killed a two-headed ogre
 14233 | D:11     | Noticed a two-headed ogre
 14241 | D:11     | Reached skill level 10 in Spellcasting
 14244 | D:11     | Killed a two-headed ogre
 14245 | D:11     | Reached skill level 10 in Fighting
 14245 | D:11     | Reached skill level 10 in Dodging
 14290 | D:11     | Noticed a five-headed hydra
 14679 | D:12     | Found a staircase to the Orcish Mines.
 14679 | D:12     | Noticed a boulder beetle
 14770 | Lair:1   | Entered Level 1 of the Lair of Beasts
 14882 | Lair:1   | Noticed an eight-headed hydra
 14891 | Lair:1   | Killed an eight-headed hydra
 14897 | Lair:1   | Learned a level 4 spell: Iskenderun's Mystic Blast
 15429 | Lair:2   | Noticed an eight-headed hydra
 15472 | Lair:2   | Killed an eight-headed hydra
 15596 | Lair:2   | Noticed a five-headed hydra
 15652 | Lair:2   | Noticed a seven-headed hydra
 15665 | Lair:2   | Killed a seven-headed hydra
 16774 | Lair:2   | Reached XP level 13. HP: 115/115 MP: 21/27
 17379 | Lair:3   | Reached skill level 12 in Conjurations
 17853 | Lair:3   | Acquired a +2 pair of gloves of dexterity
 18536 | Lair:4   | Found a snail-covered altar of Cheibriados.
 18648 | Lair:4   | Found a staircase to the Snake Pit.
 18888 | Lair:4   | Reached skill level 1 in Axes
 19031 | Lair:4   | You fall into a shaft and drop 1 floor!
 20269 | Lair:4   | Found a staircase to the Swamp.
 21684 | D:11     | Reached ****** piety under Makhleb
 22027 | D:11     | Identified the Reference Book on Displacement and Summoning
 22033 | D:11     | Learned a level 3 spell: Summon Guardian Golem
 22569 | D:11     | Reached XP level 14. HP: 126/126 MP: 18/29
 24093 | D:12     | Reached skill level 5 in Axes
 24538 | Orc:1    | Entered Level 1 of the Orcish Mines
 25218 | Orc:1    | Reached skill level 13 in Conjurations
 25471 | Orc:1    | Found a transporter.
 25858 | Orc:1    | Found a transporter.
 26079 | Orc:1    | Noticed Sapher's ghost (novice DDFi)
 26440 | Orc:1    | Killed Sapher's ghost
 26442 | Orc:1    | Identified the +1 hat of Lust {Rampage Will- Str+9 Stlth-}
 26586 | Orc:2    | Entered Level 2 of the Orcish Mines
 26755 | Orc:2    | Found a staircase to the Elven Halls.
 27670 | Orc:2    | Reached skill level 1 in Translocations
 29754 | Orc:2    | Found Polonuf's Magic Scroll Emporium.
 29754 | Orc:2    | Found Dawiox's General Store.
 29755 | Orc:2    | Found Nointumyah's Assorted Antiques.
 29759 | Orc:2    | Found Qilaapp's Jewellery Emporium.
 29762 | Orc:2    | Bought a scroll of enchant armour for 105 gold pieces
 29767 | Orc:2    | Bought a faintly glowing bronze ring for 145 gold pieces
 29767 | Orc:2    | Identified the ring "Uwniwk" {Will+ rCorr MP+9} (You bought
                  | it in a shop on level 2 of the Orcish Mines)
 29767 | Orc:2    | Bought a scroll of enchant weapon for 217 gold pieces
 30325 | D:3      | Bought a scroll of enchant weapon for 172 gold pieces
 30325 | D:3      | Bought a scroll of enchant armour for 172 gold pieces
 30325 | D:3      | Bought a pair of twisted gloves for 218 gold pieces
 30325 | D:3      | Identified the +0 pair of gloves of Gestures {rElec rN++
                  | Dex-5} (You bought it in a shop on level 3 of the Dungeon)
 30550 | D:12     | Learned a level 4 spell: Passage of Golubria
 31240 | D:13     | Identified the +7 mace of Valiance {vorpal, Str+7}
 31422 | D:13     | Identified the +2 war axe of Eternal Vigilance {drain,
                  | rCorr Int+6 Dex-3}
 32161 | D:13     | Reached XP level 15. HP: 134/134 MP: 29/31
 32410 | D:13     | Found a gate to the Vaults.
 32721 | D:13     | Reached skill level 5 in Translocations
 33493 | D:14     | Identified the ring of Scepticism {rC+ Will+ AC+4}
 33525 | D:14     | Found a stormy altar of Qazlal.
 34758 | D:14     | Found a sparkling altar of Nemelex Xobeh.
 36883 | Lair:5   | Upgraded the game from 0.27-a0-1228-gfd60fd639a to
                  | 0.27-a0-1232-gc6a4cbde82
 36889 | Lair:5   | Learned a level 5 spell: Lightning Bolt
 36897 | Lair:6   | Entered Level 6 of the Lair of Beasts
 37543 | Lair:6   | Found a staircase to the Slime Pits.
 37595 | Lair:6   | Paralysed by a floating eye for 4 turns
 39160 | Lair:6   | Reached skill level 14 in Conjurations
 39160 | Lair:6   | Reached XP level 16. HP: 144/144 MP: 25/32
 39341 | Lair:6   | Found a burning altar of Makhleb.
 39436 | Lair:6   | Found a gateway to Hell.
 40890 | D:15     | Entered Level 15 of the Dungeon
 42274 | D:15     | Found a staircase to the Depths.
 42967 | Snake:1  | Entered Level 1 of the Snake Pit
 43030 | Snake:1  | Found a flickering gateway to a bazaar.
 43043 | Bazaar   | Entered a bazaar
 43126 | Bazaar   | Found Piez's Magic Scroll Shop.
 43157 | Bazaar   | Found Mateesk's Magic Scroll Shop.
 43180 | Bazaar   | Found Yqimucku's Distillery.
 43206 | Bazaar   | Found Yvo Caic's Distillery.
 43342 | Snake:1  | Killed from afar by a shock serpent

Illustrated notes

Levels and vault maps discovered:
D:1:      shiori_shiawase, layout_basic
D:2:      layout_basic, shapermc_ecumenical_altar_flowoftime,
          uniq_crazy_yiuf_cottage
D:3:      layout_basic, serial_shops, shop, uniq_terence, uniq_grinder,
          uniq_ijyb
D:4:      layout_cave_pools, grunt_temple_overflow_opulence, serial_glass,
          glass_columns_b, glass_columns_a
D:5:      minmay_spotlight, layout_gridville, bloody_makhleb, lemuel_round_altar
D:6:      layout_basic, uniq_maggie
D:7:      cheibrodos_fertilizer, layout_basic, minmay_temple_entry_trees,
          grunt_decor_resistance, minmay_holes
D:8:      layout_basic, lemuel_round_altar, chequers_serial_rivers_micro_b
D:9:      layout_roguey, nicolae_uskayaw_suspiria, kennysheep_mini_moat,
          dpeg_oklobed_lair, uniq_harold
D:10:     lemuel_insect_pit, layout_irregular_city, vehumet_statue,
          elyvilon_altar_5, marbit_many_paths, kennysheep_little_box,
          amcnicky_mini_corridor_feature, lightli_orcish_oven
D:11:     nzn_winding_woodlands_huge [nzn_winding_woodlands_5x15_longhouse,
          nzn_winding_woodlands_5x15_sidewinder,
          nzn_winding_woodlands_5x15_lazy_stream,
          nzn_winding_woodlands_5x15_pool, nzn_winding_woodlands_5x15_garden,
          nzn_winding_woodlands_5x15_zeroes, nzn_winding_woodlands_5x15_crooked,
          nzn_winding_woodlands_5x15_parted, nzn_winding_woodlands_5x15_cabin,
          nzn_winding_woodlands_5x15_eye,
          nzn_winding_woodlands_center_triple_pond,
          nzn_winding_woodlands_center_pierced_h,
          nzn_winding_woodlands_15x15_five_gardens], layout_long_grid,
          serial_shops, shop, nicolae_shop_temple_entry_statues_fountains
D:12:     layout_cave_pools, orc_0_dummy, portal_ice_cave_entry_imps
D:13:     layout_irregular_city, grunt_vaults_entry_tiered,
          minmay_the_grid_square_5x5_3x3_mashed [minmay_the_grid_square_5x5_tie,
          minmay_the_grid_square_5x5_tri_point,
          minmay_the_grid_square_5x5_corner,
          minmay_the_grid_square_5x5_fancy_junction,
          minmay_the_grid_square_5x5_megaprize_hollow,
          minmay_the_grid_square_5x5_two_small,
          minmay_the_grid_square_5x5_misaligned,
          minmay_the_grid_square_5x5_percent, minmay_the_grid_square_5x5_inset]
D:14:     layout_stronghold, grunt_qazlal_clouds, serial_column_ruins,
          column_ruins_columns_straight, column_ruins_open_small,
          column_ruins_open_small, column_ruins_corridor_water,
          column_ruins_columns_straight, column_ruins_open_small,
          nemelex_diamond_rough_becter
D:15:     hangedman_depths_entry_civil_slaughter, layout_loops_ring,
          kennysheep_doodads, kennysheep_pointless_box
Lair:1:   layout_roguey
Lair:2:   layout_regular_city, minivault_23, beast_lair_carwin_6,
          minmay_lair_oklob_chamber, serial_bayou_shore_b, lemuel_fruit_tree
Lair:3:   layout_roguey, serial_forest, infiniplex_forest_clump_curved,
          infiniplex_forest_lined_2, infiniplex_forest_side_room,
          infiniplex_forest_clump_curved, infiniplex_forest_3_way,
          infiniplex_forest_clump_C, infiniplex_forest_end_3
Lair:4:   layout_concentric_octagons, nicolae_swamp_entry_splash_gauntlet,
          guppyfry_snake_entry_garden, basic_altar, serial_bayou_shore_a,
          infiniplex_staircase_pool
Lair:5:   dpeg_oklob_gauntlet, layout_misc_corridors, st_stairs_8, ice2_lemuel
Lair:6:   evil_forest, layout_long_grid, minmay_slime_entry_eyes
Snake:1:  layout_onion, serial_shops, bzr_entry_dummy, serial_bayou_shore_b,
          serial_bayou_shore_b
Orc:1:    layout_caves, gammafunk_ghost_berserking_beasts, guppyfry_library_mini
Orc:2:    st_orc_mages, layout_caves

Skill      XL: |  1  2  3  4  5  6  7  8  9 10 11 12 13 14 15 16 |
---------------+-------------------------------------------------+-----
Dodging        | 2 3 4 5 6 7 8 9 10 11 12 | 12.9
Spellcasting   | 3 4 5 6 7 8 9 10 11 12 | 12.9
Conjurations   | 5 6 7 8 9 10 11 12 13 14 | 14.2
Fighting       | 3 6 7 9 10 12 13 | 13.9
Shields        | 4 |  4.0
Axes           | 4 6 7 8 |  8.5
Translocations | 4 7 9 |  9.0
Stealth        | |  1.7

Action                   |  1- 3 |  4- 6 |  7- 9 | 10-12 | 13-15 | 16-18 || total
-------------------------+-------+-------+-------+-------+-------+-------++-------
Melee: Unarmed           |    18 |       |       |       |       |       ||    18
       Tailslap          |     2 |       |     2 |     1 |    18 |     3 ||    26
       Hand axe          |       |       |    13 |    20 |   130 |    13 ||   176
       Staff             |       |       |     9 |     1 |    12 |       ||    22
 Cast: Magic Dart        |    87 |    57 |   221 |   316 |   868 |    62 ||  1611
       Searing Ray       |       |    11 |    30 |   115 |   388 |    50 ||   594
       Tukima's Dance    |       |       |       |     3 |       |       ||     3
       Iskenderun's Myst |       |       |       |     5 |    34 |    35 ||    74
       Summon Guardian G |       |       |       |       |     3 |       ||     3
       Lightning Bolt    |       |       |       |       |     6 |    34 ||    40
 Abil: Breathe Fire      |       |       |       |       |     1 |       ||     1
  Use: Scroll            |     2 |     4 |     9 |    16 |    15 |     3 ||    49
       Potion            |       |       |       |     5 |     3 |     3 ||    11
Armor: Skin              |     5 |     5 |    19 |   113 |   371 |    47 ||   560
Dodge: Dodged            |    16 |     4 |    60 |   220 |   879 |   105 ||  1284
Block: Buckler           |       |       |       |   130 |   521 |    62 ||   713

Table legend: (Time is in decaauts)
 A = Elapsed time spent in this place.
 B = Non-inter-level travel time spent in this place.
 C = Inter-level travel time spent in this place.
 D = Time resting spent in this place.
 E = Time spent auto-exploring this place.
 F = Levels seen in this place.
 G = Mean time per level.
                   A        B        C        D        E       F      G
               +--------+--------+--------+--------+--------+-----+--------+
         Total |  43498 |  40624 |   2874 |   4515 |  29676 |  25 | 1739.9 |
       Dungeon |  26226 |  24329 |   1897 |   2583 |  18048 |  15 | 1748.4 |
          Lair |  11549 |  10750 |    799 |   1427 |   7666 |   6 | 1924.8 |
     Snake Pit |    141 |    141 |      0 |     31 |      1 |   1 |  141.0 |
  Orcish Mines |   5353 |   5176 |    177 |    451 |   3771 |   2 | 2676.5 |
        Bazaar |    226 |    226 |      0 |     23 |    189 |   1 |  226.0 |
               +--------+--------+--------+--------+--------+-----+--------+

Top non-repeatable levels by time:
    D:11: 5757 daAuts
   Orc:1: 3237 daAuts
  Lair:5: 3034 daAuts
    D:13: 2787 daAuts
    D:14: 2755 daAuts
  Lair:6: 2451 daAuts
     D:7: 2129 daAuts
   Orc:2: 2115 daAuts
  Lair:4: 1943 daAuts
    D:10: 1928 daAuts
  Lair:2: 1926 daAuts
    D:12: 1447 daAuts
     D:1: 1427 daAuts
  Lair:3: 1352 daAuts
     D:9: 1283 daAuts
